 Dungeon Crawl Stone Soup version 0.31.0-11-ge490571c62 (webtiles) character file.

Game seed: 11507036126914503934

56 Esekla the Grasshopper (level 3, 0/18 HPs)
             Began as a Vine Stalker Warper on Jan 29, 2024.
             Slain by a gnoll sergeant
             ... wielding a +1 spear of venom
              (2 damage)
             ... on level 4 of the Dungeon.
             The game lasted 00:06:12 (865 turns).

Esekla the Grasshopper (Vine Stalker Warper)         Turns: 865, Time: 00:06:13

Health: 0/18       AC:  3    Str: 13    XL:     3   Next: 97%
Magic:  0/8        EV: 11    Int: 15    God:
Gold:   66         SH:  0    Dex: 13    Spells: 6/8 levels left

rFire   . . .        a - +0 falchion
rCold   . . .        (no shield)
rNeg    . . .        b - +0 leather armour
rPois   +            (no helmet)
rElec   .            (no cloak)
rCorr   .            (no gloves)
SInv    .            (no boots)
Will    .....        (no amulet)
Stlth   +            e - ring of poison resistance
HPRegen 1.03/turn    (no ring)
MPRegen 0.11/turn

%: guardian spirit
@: lethally poisoned (0 -> -6)
A: fangs 2, regeneration 1, magic shield, antimagic bite, no potion heal 2
a: no special abilities


You were on level 4 of the Dungeon.
You visited 1 branch of the dungeon, and saw 4 of its levels.

You collected 66 gold pieces.

Inventory:

Hand Weapons
 a - a +0 falchion (weapon)
 s - a +0 dagger
Missiles
 d - 6 darts of dispersal (quivered)
Armour
 b - a +0 leather armour (worn)
Jewellery
 e - a ring of poison resistance (left hand)
Wands
 i - a wand of flame (10)
Scrolls
 c - a scroll of blinking
 h - 2 scrolls of identify {unknown}
 j - a scroll of brand weapon {unknown}
 k - a scroll of enchant armour {unknown}
Potions
 f - a potion of curing {unknown}
 l - a potion of magic {unknown}


   Skills:
 * Level 2.1 Fighting
 + Level 2.3 Long Blades
 - Level 0.8 Throwing
 - Level 0.7 Armour
 + Level 1.7 Dodging
 * Level 3.1 Spellcasting
 + Level 3.4 Translocations


You had 6 spell levels left.
You knew the following spells:

 Your Spells              Type           Power      Damage    Failure   Level
b - Blink                 Tloc           24%        N/A       10%         2

Your spell library contained the following spells:

 Spells                   Type           Power      Damage    Failure   Level
 Lesser Beckoning         Tloc           24%        N/A       10%         2
 Teleport Other           Tloc           12%        N/A       19%         3
 Manifold Assault         Tloc           12%        N/A       52%         4
 Vhi's Electric Charge    Tloc/Air       14%        N/A       77%         4


Dungeon Overview and Level Annotations

Branches:
Dungeon (4/15)
 Temple: D:4-7

Altars:

Shops:
D:1 (*?(


Innate Abilities, Weirdness & Mutations

You have extremely sharp teeth.
Your natural rate of healing is unusually fast.
When hurt, damage is shared between your health and your magic reserves.
Your bite disrupts and absorbs the magic of your enemies.
Potions cannot restore your health.


Message History

Throw: 7 darts (disperse)
Press: ? - help, Q - select action, (/) - cycle Shift-Dir - straight line, f - gnoll sergeant
Aim: a gnoll sergeant, wielding a +1 spear of venom and wearing a +0 scale mail (62% to hit)
You throw a dart of dispersal.
The dart of dispersal hits the gnoll sergeant.
The gnoll sergeant blinks!
You completely miss the gnoll.
The gnoll shouts!
You bite the gnoll. You drain its power.
The gnoll is moderately wounded.
You hear a shout!
A gnoll comes into view. It is wielding a +0 club.
The gnoll misses you.
You barely miss the gnoll.
The gnoll is moderately wounded.
The gnoll hits you with a +0 whip.
You hit the gnoll.
The gnoll is heavily wounded.
The gnoll closely misses you. The gnoll attacks as it pursues you!
The gnoll hits you with a +0 whip.
You hit the gnoll.
The gnoll is almost dead.
The gnoll barely misses you.
You slash the gnoll!
You kill the gnoll!
Your Spellcasting skill increases to level 3!
You see here an orb of mayhem.
You hear the slow hiss of an avalanche of sand very nearby.
The gnoll sergeant attacks as it pursues you!
The gnoll sergeant hits you from afar with a +1 spear of venom!
The gnoll sergeant attacks as it pursues you!
The gnoll sergeant hits you from afar with a +1 spear of venom!
Ouch! That really hurt!
You are lethally poisoned!
* * * LOW HITPOINT WARNING * * *
You feel very sick.
* * * LOW HITPOINT WARNING * * *
You feel very sick.
The gnoll sergeant attacks as it pursues you!
The gnoll sergeant hits you from afar with a +1 spear of venom.
You die...

#####
#...###### #
#.........
#.##.@#
#.....#
####.g# #..#
#..# # #.g# .#
#..######.#
##.g.[....####
####.#.....<.


You could see a gnoll sergeant and 2 gnolls.

Vanquished Creatures
  A gnoll (D:4)
  2 dart slugs
  A ball python (D:1)
  2 bats
  4 endoplasms
  5 goblins
  3 hobgoblins
  8 jackals
  3 kobolds
  2 quokkas (D:2)
  4 frilled lizards (D:1)
  A rat (D:2)
36 creatures vanquished.

Notes
Turn   | Place    | Note
-------+----------+-------------------------------------------
     0 | D:1      | Esekla the Vine Stalker Warper began the quest for the Orb.
     0 | D:1      | Reached XP level 1. HP: 11/11 MP: 4/4
    92 | D:1      | Found Ezadeb's Antique Weapon Emporium.
   145 | D:1      | Found Yheizupeusi's General Store.
   159 | D:1      | Reached XP level 2. HP: 15/15 MP: 6/6
   251 | D:1      | Learned a level 2 spell: Blink
   347 | D:1      | Found Ciups's Magic Scroll Emporium.
   421 | D:1      | Found Xoschaom's Weapon Shop.
   486 | D:1      | Reached XP level 3. HP: 18/18 MP: 7/7
   827 | D:4      | Noticed a gnoll sergeant
   865 | D:4      | Slain by a gnoll sergeant

Illustrated notes

Levels and vault maps discovered:
D:1:      lightli_arrival_farm, layout_basic, serial_shops,
          nicolae_shop_rolled_up, shop, shop, nicolae_diamond_shop
D:2:      layout_basic
D:3:      layout_basic
D:4:      layout_loops_ring, enter_ossuary_4, gammafunk_ghost_smash,
          corexii_hall_statues_i, nrook_mini_vaults,
          serial_library_hellmonk_room_a, uniq_menkaure

Skill      XL: |  1  2  3 |
---------------+----------+-----
Long Blades    | 2 |  2.3
Fighting       | 2 |  2.1
Spellcasting   | 3 |  3.1
Throwing       | |  0.8
Armour         | |  0.7
Dodging        | |  1.7
Translocations | |  3.4

Action                     || total
---------------------------++-------
  Melee: Falchion          ||   117
         Bite              ||    22
         Punch             ||     1
  Throw: Dart              ||     1
 Armour: Leather armour    ||    71
  Dodge: Dodged            ||    82
